 Dungeon Crawl Stone Soup version 0.29.0-7-g18a832c13a (webtiles) character file.

Game seed: 16992815086609845955

27 LunaticDancer the Trooper (level 3, 0/33 HPs)
             Began as a Hill Orc Fighter on Aug 31, 2022.
             Slain by a quokka (2 damage)
             ... on level 1 of the Dungeon.
             The game lasted 00:06:03 (718 turns).

LunaticDancer the Trooper (Hill Orc Fighter)         Turns: 718, Time: 00:06:04

Health: 0/33       AC:  1    Str: 20    XL:     3   Next: 10%
Magic:  3/3        EV: 10    Int:  8    God:
Gold:   83         SH:  4    Dex: 10    Spells: 2/2 levels left

rFire   . . .      SeeInvis .   a - +0 war axe
rCold   . . .      Faith    .   c - +0 buckler
rNeg    . . .      Spirit   .   (no body armour)
rPois   .          Reflect  .   (no helmet)
rElec   .          Harm     .   (no cloak)
rCorr   .          Rampage  .   (no gloves)
Will    .....                   l - +0 pair of boots
Stlth   +.........              (no amulet)
HPRegen 0.11/turn               (no ring)
MPRegen 0.08/turn               (no ring)

@: no status effects
A: no striking features
a: no special abilities


You were on level 1 of the Dungeon.
You visited 1 branch of the dungeon, and saw 1 of its levels.

You collected 83 gold pieces.

Inventory:

Hand Weapons
 a - a +0 war axe (weapon)
 b - a +0 spear
 h - a +1 whip of freezing
Armour
 c - a +0 buckler (worn)
 e - a +0 scale mail
 k - a +0 plate armour
 l - a +0 pair of boots (worn)
Scrolls
 i - a scroll of vulnerability {unknown}
 j - a scroll of identify {unknown}
Potions
 d - a potion of might
 f - a potion of resistance {unknown}
 g - 2 potions of flight {unknown}


   Skills:
 + Level 3.9 Fighting
 * Level 3.0 Axes
 + Level 3.7 Armour
 + Level 3.8 Shields


You had 2 spell levels left.
You didn't know any spells.
Your spell library contained the following spells:

 Spells                   Type           Power      Damage    Failure   Level
 Iskenderun's Battlesphe  Conj           0%         2d6       100%        5
 Iron Shot                Conj/Erth      0%         9d1       100%        6
 Spellforged Servitor     Conj/Summ      0%         N/A       100%        7


Dungeon Overview and Level Annotations

Branches:
Dungeon (1/15)

Altars:


Message History

Found a stone staircase leading down.
The bat barely misses you.
You slash the bat!
You kill the bat!
Found a pair of boots.
You see here a bat corpse.
A kobold comes into view.
It is wielding a +1 short sword of speed.
The kobold shouts!
A quokka comes into view.
You see here a +0 pair of boots.
l - a +0 pair of boots The kobold barely misses you.
The kobold hits you with a +1 short sword of speed.
Keep equipping yourself? [Y]es or [N]o only, please.
Keep equipping yourself?
The quokka bites you. The kobold closely misses you.
You start putting on your armour.
You continue putting on your +0 pair of boots.
The quokka bites you. The kobold barely misses you.
You continue putting on your +0 pair of boots.
The kobold hits you with a +1 short sword of speed.
The quokka twitches its whiskers.
The quokka closely misses you. You block the kobold's attack.
You continue putting on your +0 pair of boots.
The quokka bites you. The kobold barely misses you.
You continue putting on your +0 pair of boots.
You block the quokka's attack.
The kobold hits you with a +1 short sword of speed.
The quokka bites you.
* * * LOW HITPOINT WARNING * * *
The kobold hits you with a +1 short sword of speed.
* * * LOW HITPOINT WARNING * * *
You finish putting on your +0 pair of boots.
You are too injured to fight recklessly!
Cleave: a) +0 war axe
Press: ? - help, Dir - move target, f - kobold
Aim: a kobold, wielding a +1 short sword of speed (about 55% to evade your +0 war axe)
You closely miss the kobold. You hit the quokka. You block the kobold's attack.
The quokka bites you.
You die...

.##.....###.....####.#####....#
###.†.### ##....##..†..###....#
#...# #.####.......##....#
#...# #.............###..##
#...# ####..........# #...#
##### #..........# ##..#
##.........# ##.# #..>......#
### #@K.......# #.r.......#
#.........# #.........
#........ ##....... #.....#
######


You could see a quokka and a kobold.

Vanquished Creatures
  A ball python (D:1)
  A bat (D:1)
  3 endoplasms (D:1)
  A giant cockroach (D:1)
  3 goblins (D:1)
  3 hobgoblins (D:1)
  4 jackals (D:1)
  A quokka (D:1)
  A frilled lizard (D:1)
  4 rats (D:1)
22 creatures vanquished.

Notes
Turn   | Place    | Note
-------+----------+-------------------------------------------
     0 | D:1      | LunaticDancer the Hill Orc Fighter began the quest for the
                  | Orb.
     0 | D:1      | Reached XP level 1. HP: 19/19 MP: 1/1
    36 | D:1      | Reached XP level 2. HP: 26/27 MP: 2/2
   583 | D:1      | Reached XP level 3. HP: 33/33 MP: 3/3
   650 | D:1      | Found a faded altar of an unknown god.
   718 | D:1      | Slain by a quokka

Illustrated notes

Levels and vault maps discovered:
D:1:      dpeg_arrival_tiny_i, layout_rooms, hellmonk_ecumenical_altar_lost_god

Skill      XL: |  1  2 |
---------------+-------+-----
Axes           | 3 |  3.0
Fighting       | |  3.9
Armour         | |  3.7
Shields        | |  3.8

Action                   || total
-------------------------++-------
Melee: War axe           ||    58
Armor: Scale mail        ||    22
Dodge: Dodged            ||    34
Block: Buckler           ||    18
